 Dungeon Crawl Stone Soup version 0.28.0 (webtiles) character file.

Game seed: 13055659804143634078

42 Minsecho the Chopper (level 3, 0/33 HPs)
             Began as a Hill Orc Monk on Feb 5, 2022.
             Slain by Natasha (1 damage)
             ... on level 2 of the Dungeon.
             The game lasted 00:01:33 (916 turns).

Minsecho the Chopper (Hill Orc Monk)                 Turns: 916, Time: 00:01:33

Health: 0/33       AC:  5    Str: 15    XL:     3   Next: 54%
Magic:  3/3        EV: 11    Int: 10    God:
Gold:   68         SH:  0    Dex: 13    Spells: 2/2 levels left

rFire   . . .      SeeInvis .   a - +0 hand axe
rCold   . . .      Faith    .   (no shield)
rNeg    . . .      Spirit   .   c - +0 ring mail
rPois   .          Reflect  .   (no helmet)
rElec   .          Harm     .   (no cloak)
rCorr   .          Rampage  .   (no gloves)
Will    .....                   (no boots)
Stlth   +.........              (no amulet)
HPRegen 0.11/turn               (no ring)
MPRegen 0.08/turn               (no ring)

@: slowed, very slow
A: no striking features
a: no special abilities


You were on level 2 of the Dungeon.
You visited 1 branch of the dungeon, and saw 2 of its levels.

You collected 68 gold pieces.

Inventory:

Hand Weapons
 a - a +0 hand axe (weapon)
Armour
 b - a +0 robe
 c - a +0 ring mail (worn)
Scrolls
 f - a scroll of enchant weapon {unknown}
Potions
 d - a potion of brilliance {unknown}
 e - a potion of haste {unknown}


   Skills:
 + Level 4.2 Fighting
 + Level 4.5 Axes
 + Level 0.9 Armour
 + Level 2.8 Dodging
 + Level 1.5 Stealth


You had 2 spell levels left.
You didn't know any spells.
Your spell library contained the following spells:

 Spells                   Type           Power      Damage    Failure   Level
 Ozocubu's Armour         Ice            0%         N/A       92%         3
 Metabolic Englaciation   Hex/Ice        0%         N/A       100%        5
 Simulacrum               Ice/Necr       0%         N/A       100%        6


Dungeon Overview and Level Annotations

Branches:
Dungeon (2/15)

Altars:

Annotations:
D:2 Natasha


Message History

The shadow imp shouts, "Scamper away, thou baffled toad-spotted gonus!"
The jackal closely misses you.
You miss the jackal.
The jackal is moderately wounded.
The jackal bites you but does no damage.
You hit the jackal but do no damage.
The jackal is moderately wounded.
The jackal closely misses you.
The jackal bites you but does no damage.
You hit the jackal.
You kill the jackal!
Natasha claws you.
You hit Natasha.
Natasha is heavily wounded.
The gnoll hits you from afar with a +0 spear.
Natasha claws you.
You barely miss Natasha.
Natasha is heavily wounded.
The gnoll hits you from afar with a +0 spear.
Natasha claws you.
You hit Natasha.
Natasha is heavily wounded.
The gnoll hits you but does no damage. Natasha casts a spell at you.
You feel yourself slow down.
You completely miss Natasha.
Natasha is heavily wounded.
The crimson imp disappears in a puff of smoke!
The gnoll hits you from afar with a +0 spear.
* * * LOW HITPOINT WARNING * * *
Natasha barely misses you.
The gnoll hits you from afar with a +0 spear.
* * * LOW HITPOINT WARNING * * *
Natasha casts a spell at you. The magic dart hits you.
* * * LOW HITPOINT WARNING * * *
You completely miss Natasha.
Natasha is heavily wounded.
Natasha claws you.
You die...

### ..# ....... #.#
....... #.. #......
#.# ....... ♣.♣
.......###♣♣†♣♣###
.#.....#g.h@.....##
.......#5#♣♣.♣♣#..#
#...# ♣.♣ ##.#
#h....#..#
#.####.###
#5###...##
#........#
...l#.#.#
#.####.#......
#.###...# ##.#
#>.###### #...).###
#..# ##.#
...#..#####.## #.#


You could see Natasha, a gnoll and a shadow imp (summoned).

Vanquished Creatures
  An adder (D:2)
  A dart slug (D:1)
  3 ball pythons (D:1)
  A bat (D:1)
  4 endoplasms (D:1)
  5 goblins (D:1)
  3 hobgoblins
  2 jackals (D:2)
  3 quokkas
  2 rats (D:1)
25 creatures vanquished.

Vanquished Creatures (others)
  4 plants (D:2)
4 creatures vanquished.

Grand Total: 29 creatures vanquished

Notes
Turn   | Place    | Note
-------+----------+-------------------------------------------
     0 | D:1      | Minsecho the Hill Orc Monk began the quest for the Orb.
     0 | D:1      | Reached XP level 1. HP: 19/19 MP: 1/1
   102 | D:1      | Reached XP level 2. HP: 19/27 MP: 2/2
   418 | D:1      | Reached XP level 3. HP: 21/33 MP: 3/3
   894 | D:2      | Noticed Natasha
   915 | D:2      | HP: 1/33 [Natasha/magic dart (4)]
   916 | D:2      | Slain by Natasha

Illustrated notes

Levels and vault maps discovered:
D:1:      saegor_arrival_miasma, layout_rooms
D:2:      layout_rooms, basic_altar, fountainhead, chequers_big_river,
          minmay_misc_feat_roman, minmay_tree_intersection,
          minmay_fractal_squares_5, uniq_natasha

Skill      XL: |  1 |
---------------+----+-----
Fighting       | 4 |  4.2
Axes           | |  4.5
Armour         | |  0.9
Dodging        | |  2.8
Stealth        | |  1.5

Action                   || total
-------------------------++-------
Melee: Hand axe          ||    98
Armor: Ring mail         ||    36
Dodge: Dodged            ||    67
